 Dungeon Crawl Stone Soup version 0.25.1-2-g60ff931df9 (webtiles) character file.

Game seed: 8706860878471034903

628 Almogavar the Shield-Bearer (level 7, 0/43 HPs)
             Began as a Gargoyle Fighter on Sept 1, 2020.
             Was a Follower of Makhleb.
             Slain by Grinder (1 damage)
             ... while paralysed by Grinder
             ... on level 5 of the Dungeon.
             The game lasted 00:16:02 (4014 turns).

Almogavar the Shield-Bearer (Gargoyle Fighter)      Turns: 4014, Time: 00:16:03

Health: 0/43       AC: 18    Str: 22    XL:     7   Next: 48%
Magic:  7/7        EV:  2    Int:  8    God:    Makhleb [*.....]
Gold:   169        SH:  0    Dex:  9    Spells: 6/6 levels left

rFire    . . .     SeeInvis .   a - +0 flail
rCold    . . .     Gourm    .   c - +0 kite shield
rNeg     + . .     Faith    .   r - +0 chain mail
rPois    ∞         Spirit   .   m - +0 helmet
rElec    +         Reflect  +   t - +0 cloak
rCorr    .         Harm     .   i - +0 pair of gloves
MR       .....                  (no boots)
Stlth    ..........             s - amulet of reflection
HPRegen  0.14/turn              (no ring)
MPRegen  0.10/turn              (no ring)

@: paralysed, mighty
A: negative energy resistance 1, electricity resistance, unbreathing,
petrification resistance, rot immunity, AC +4
a: Renounce Religion


You were on level 5 of the Dungeon.
You worshipped Makhleb.
Makhleb was aware of your devotion.
You were not hungry.

You visited 2 branches of the dungeon, and saw 7 of its levels.

You collected 169 gold pieces.

Inventory:

Hand Weapons
 a - a +0 flail (weapon)
Armour
 c - a +0 kite shield (worn)
 i - a +0 pair of gloves (worn)
 m - a +0 helmet (worn)
 r - a +0 chain mail (worn)
 t - a +0 cloak (worn)
Jewellery
 s - an amulet of reflection (around neck)
Scrolls
 e - a scroll of enchant weapon
 j - a scroll of magic mapping
 p - a scroll of remove curse
 q - a scroll of amnesia
Potions
 d - a potion of might
 g - 2 potions of brilliance
 h - 2 potions of mutation {unknown}
 k - a potion of degeneration {unknown}
 l - a potion of heal wounds {unknown}
 n - a potion of stabbing {unknown}
 o - 2 potions of curing {unknown}
Comestibles
 b - 3 chunks of flesh
 f - 2 rations


   Skills:
 + Level 4.2 Fighting
 + Level 4.7 Maces & Flails
 + Level 4.6 Armour
 + Level 2.0 Dodging
 + Level 0.7 Stealth
 + Level 5.8 Shields


You had 6 spell levels left.
You didn't know any spells.
Your spell library contained the following spells:

 Spells                   Type           Power        Failure   Level  Hunger
 Foxfire                  Conj/Fire      #...         100%        1    ##.....
 Magic Dart               Conj           #...         100%        1    ##.....
 Searing Ray              Conj           #.....       100%        2    ###....
 Conjure Flame            Conj/Fire      #.......     100%        3    ####...
 Dazzling Flash           Conj/Hex       #.....       100%        3    ####...
 Inner Flame              Hex/Fire       #.......     100%        3    ####...
 Fulminant Prism          Conj/Hex       #.........   100%        4    #####..
 Iskenderun's Mystic Bla  Conj/Tloc      #.......     100%        4    #####..
 Sticky Flame             Conj/Fire      #.......     100%        4    #####..
 Fireball                 Conj/Fire      #.........   100%        5    ######.


Dungeon Overview and Level Annotations

Branches:
Dungeon (6/15)             Temple (1/1) D:6

Altars:
Ashenzari
Cheibriados
Dithmenos
Gozag
Hepliaklqana
Kikubaaqudgha
Makhleb
Nemelex Xobeh
Okawaru
Qazlal
Ru
Sif Muna
Trog
Uskayaw
Vehumet
Wu Jian
Xom
Yredelemnul
Zin
The Shining One

Annotations:
D:5 Grinder


Innate Abilities, Weirdness & Mutations

You are resistant to torment.
Your stone body is resilient. (AC +4)
You are immune to poison.
You resist negative energy. (rN+)
You are resistant to electric shocks. (rElec)
You can survive without breathing.
You are immune to petrification.
You are immune to rotting.


Message History

You block Grinder's attack.
You barely miss Grinder.
Grinder is moderately wounded.
Grinder gestures at you. Pain shoots through your body!
You feel very mighty all of a sudden.
Grinder blinks!
Grinder gestures at you. Pain shoots through your body!
* * * LOW HITPOINT WARNING * * *
Grinder hits you.
* * * LOW HITPOINT WARNING * * *
Your chain mail prevents you from hitting Grinder.
Grinder is moderately wounded.
Grinder gestures at you.
You suddenly lose the ability to move!
Grinder hits you but does no damage. Grinder hits you!
* * * LOW HITPOINT WARNING * * *
You writhe in agony.
You die...

###########
........@.#
#########5#
######## ##.##
#......###...##
#......##.....#
#.<....###...##
#......# ##.##
#......# #.####
#......####....#


You could see Grinder (strong).

Vanquished Creatures
  A phantom (D:4)
  An ogre (D:4)
  Blork the orc (D:4)
  3 wights (D:6)
  A howler monkey (D:4)
  Terence (D:3)
  An orc wizard (D:3)
  Robin (D:2)
  9 adders
  2 oozes
  An adder skeleton (D:4)
  2 worms
  3 dart slugs
  2 leopard geckos
  4 orcs
  6 bats
  A giant cockroach (D:4)
  10 goblins
  7 hobgoblins
  3 jackals (D:6)
  4 ball pythons
  4 frilled lizards
  4 kobolds
  7 rats
79 creatures vanquished.

Notes
Turn   | Place    | Note
-------+----------+-------------------------------------------
     0 | D:1      | Almogavar the Gargoyle Fighter began the quest for the Orb.
     0 | D:1      | Reached XP level 1. HP: 14/14 MP: 1/1
   145 | D:1      | Reached XP level 2. HP: 19/19 MP: 2/2
   377 | D:2      | Noticed Robin
   503 | D:2      | Found a hide-covered altar of Uskayaw.
   503 | D:2      | Noticed a +0 hand axe
   503 | D:2      | Noticed a +0 dagger
   515 | D:2      | Reached XP level 3. HP: 23/24 MP: 3/3
   590 | D:2      | Reached skill level 4 in Shields
   692 | D:2      | Killed Robin
   832 | D:2      | Reached XP level 4. HP: 28/29 MP: 4/4
  1156 | D:3      | You fall into a shaft and drop 3 floors!
  1168 | D:6      | Found a staircase to the Ecumenical Temple.
  1177 | Temple   | Entered the Ecumenical Temple
  1246 | Temple   | Became a worshipper of Makhleb the Destroyer
  1310 | D:6      | Reached XP level 5. HP: 14/33 MP: 5/5
  1492 | D:6      | Reached skill level 1 in Dodging
  1611 | D:6      | Reached XP level 6. HP: 38/38 MP: 6/6
  1655 | D:5      | Entered Level 5 of the Dungeon
  1715 | D:4      | Noticed a phantom
  1840 | D:4      | Killed a phantom
  1840 | D:4      | Reached skill level 5 in Shields
  2480 | D:3      | Found an ornate altar of the Wu Jian Council.
  2688 | D:3      | Found a basalt altar of Yredelemnul.
  2690 | D:3      | Found a stormy altar of Qazlal.
  2707 | D:3      | Reached * piety under Makhleb
  2954 | D:3      | Found an ancient bone altar of Kikubaaqudgha.
  2958 | D:3      | Found a shimmering altar of Xom.
  3007 | D:3      | Noticed Terence
  3046 | D:3      | Killed Terence
  3046 | D:3      | Reached XP level 7. HP: 43/43 MP: 7/7
  3652 | D:4      | Found an iron altar of Okawaru.
  3653 | D:4      | Found a bloodstained altar of Trog.
  3790 | D:4      | Found a shattered altar of Ashenzari.
  3907 | D:4      | Noticed Blork the orc
  3930 | D:4      | Killed Blork the orc
  4002 | D:5      | Noticed Grinder
  4013 | D:5      | Paralysed by Grinder for 5 turns
  4014 | D:5      | HP: 1/43 [Grinder (8)]
  4014 | D:5      | Slain by Grinder

Illustrated notes

Levels and vault maps discovered:
D:1:      saegor_arrival_simple_a, layout_rooms, hex_medium
D:2:      layout_rooms, dancing_weapons_uskayaw, kennysheep_generic_room_2,
          uniq_robin
D:3:      layout_loops_cross, old_standard_altar, grunt_temple_overflow_open,
          uniq_terence
D:4:      layout_loops_ring, kennysheep_mini, grunt_temple_overflow_bloody_war,
          uniq_blork_the_orc
D:5:      layout_loops_cross, first_ration, uniq_sigmund, uniq_grinder
D:6:      layout_loops_ring, elyvilon_altar_5,
          minmay_temple_entry_drinking_statues
Temple:   jpeg_temple_clearing

Skill      XL: |  1  2  3  4  5  6  7 |
---------------+----------------------+-----
Shields        | 4 5 |  5.8
Maces & Flails | 3 4 |  4.7
Fighting       | 4 |  4.2
Dodging        | 1 2 |  2.0
Armour         | 4 |  4.6
Stealth        | |  0.7

Action                   |  1- 3 |  4- 6 |  7- 9 || total
-------------------------+-------+-------+-------++-------
Melee: Flail             |   104 |   426 |    81 ||   611
  Use: Scroll            |       |     4 |     2 ||     6
       Potion            |       |       |     1 ||     1
  Eat: Ration            |       |     1 |       ||     1
       Chunk             |       |     5 |     3 ||     8
Armor: Scale mail        |   106 |   182 |       ||   288
       Chain mail        |       |    92 |    33 ||   125
Dodge: Dodged            |    63 |   113 |    15 ||   191
Block: Kite shield       |    71 |   219 |    49 ||   339
